 Dungeon Crawl Stone Soup version 0.23.2-33-g5129a83184 (webtiles) character file.

Game seed: 3246113729274566858

25347 euginm the Severer (level 12, -1/117 HPs)
             Began as a Minotaur Fighter on Aug 1, 2019.
             Was an Elder of Qazlal.
             Slain by a vault guard
             ... wielding a +0 dire flail
              (16 damage)
             ... on level 13 of the Dungeon.
             The game lasted 00:52:19 (13119 turns).

euginm the Severer (Minotaur Fighter)              Turns: 13119, Time: 00:52:19

Health: -1/117     AC: 17    Str: 26    XL:     12   Next: 88%
Magic:  11/11      EV:  8    Int:  5    God:    Qazlal [****..]
Gold:   807        SH: 21    Dex: 10    Spells: 11/11 levels left

rFire    . . .     SeeInvis .   a - +0 war axe (chop)
rCold    . . .     Gourm    .   c - +0 shield
rNeg     . . .     Faith    .   l - +3 chain mail
rPois    +         Spirit   .   (helmet restricted)
rElec    .         Reflect  +   x - +2 cloak
rCorr    .         Harm     .   g - +0 pair of gloves
MR       +....                  D - +0 pair of boots
Stlth    ..........             W - +2 amulet of reflection
HPRegen  0.29/turn              S - ring of protection from magic
MPRegen  0.12/turn              i - ring of poison resistance

@: repel missiles
A: retaliatory headbutt, horns 2
a: Upheaval, Elemental Force, Renounce Religion


You were on level 13 of the Dungeon.
You worshipped Qazlal.
Qazlal was greatly pleased with you.
You were very hungry.

You visited 2 branches of the dungeon, and saw 14 of its levels.
You also visited: Sewer and Ice Cave.

You collected 1222 gold pieces.
You spent 415 gold pieces at shops.

Inventory:

Hand Weapons
 a - a +0 war axe of chopping (weapon)
Missiles
 F - 8 tomahawks (quivered)
Armour
 c - a +0 shield (worn)
 g - a +0 pair of gloves (worn)
 l - a +3 chain mail (worn)
 x - a +2 cloak (worn)
 D - a +0 pair of boots (worn)
Jewellery
 i - a ring of poison resistance (right hand)
 S - a ring of protection from magic (left hand)
 W - a +2 amulet of reflection (around neck)
Wands
 k - a wand of disintegration (12)
 u - a wand of flame (23)
 G - a wand of acid (10)
 O - a wand of clouds (7)
Scrolls
 o - 8 scrolls of enchant armour
 q - 7 scrolls of remove curse
 r - 3 scrolls of teleportation
 s - a scroll of noise {unknown}
 w - 4 scrolls of amnesia
 y - a scroll of fear
 I - 3 scrolls of silence
 J - a scroll of torment {unknown}
 K - a scroll of enchant weapon
 L - a scroll of blinking
 M - 2 scrolls of immolation {unknown}
 N - a scroll of holy word {unknown}
 P - a scroll of magic mapping {unknown}
 X - a scroll of identify
Potions
 d - 5 potions of might
 m - 2 potions of magic {unknown}
 n - 8 potions of curing
 p - 3 potions of brilliance {unknown}
 t - 4 potions of haste
 v - 3 potions of mutation {unknown}
 z - 5 potions of agility
 B - 6 potions of flight {unknown}
 H - 2 potions of resistance {unknown}
 V - a potion of ambrosia {unknown}
Comestibles
 f - 25 rations


   Skills:
 + Level 14.1 Fighting
 - Level 16.0 Axes
 - Level 3.6 Armour
 + Level 14.1 Shields


You had 11 spell levels left.
You didn't know any spells.
Your spell library contained the following spells:

 Spells                   Type           Power        Failure   Level  Hunger
 Animate Skeleton         Necr           N/A          98%         1    ##.....
 Apportation              Tloc           #.....       98%         1    ##.....
 Confusing Touch          Hex            #.....       98%         1    ##.....
 Magic Dart               Conj           #...         98%         1    ##.....
 Pain                     Necr           #...         98%         1    ##.....
 Summon Small Mammal      Summ           #...         98%         1    ##.....
 Blink                    Tloc           N/A          99%         2    ###....
 Call Imp                 Summ           #.......     99%         2    ###....
 Poisonous Vapours        Pois/Air       #.....       99%         2    ###....
 Shroud of Golubria       Chrm/Tloc      #.........   99%         2    ###....
 Slow                     Hex            #.......     99%         2    ###....
 Conjure Flame            Conj/Fire      #.......     100%        3    ####...
 Gell's Gravitas          Tloc           #.........   100%        3    ####...
 Lesser Beckoning         Tloc           #.........   100%        3    ####...
 Mephitic Cloud           Conj/Pois/Air  #.......     100%        3    ####...
 Regeneration             Chrm/Necr      #.........   100%        3    ####...
 Teleport Other           Tloc           #.......     100%        3    ####...
 Vampiric Draining        Necr           #.........   100%        3    ####...
 Animate Dead             Necr           N/A          100%        4    #####..
 Passage of Golubria      Tloc           N/A          100%        4    #####..
 Freezing Cloud           Conj/Ice/Air   #.........   100%        6    #######
 Ring of Flames           Chrm/Fire      #.........   100%        7    #######


Dungeon Overview and Level Annotations

Branches:
Dungeon (13/15)            Temple (1/1) D:5            Lair (0/6) D:10
    Orc (0/2) D:10         Vaults (0/5) D:13

Altars:
Ashenzari
Cheibriados
Elyvilon
Fedhas
Gozag
Hepliaklqana
Kikubaaqudgha
Makhleb
Nemelex Xobeh
Okawaru
Qazlal
Ru
Sif Muna
Trog
Uskayaw
Vehumet
Wu Jian
Xom
Yredelemnul
Zin
The Shining One

Shops:
D:8 ?   D:9 ?

Annotations:
D:7 3 runed translucent doors, Eitelfritz's ghost, novice MiGl; Jabberih's ghost, novice VSEn
D:12 stash


Innate Abilities, Weirdness & Mutations

You reflexively headbutt those who attack you in melee.
You have a pair of horns on your head.


Message History

The vault guard is moderately wounded.
You closely miss the vault guard. Your headbutt misses the vault guard.
The vault guard is moderately wounded.
The vault guard hits you with a +0 great mace!!
* * * LOW HITPOINT WARNING * * *
Okay, then.
As you read the scroll of fear, it crumbles to dust.
You assume a fearsome visage.
The vault guard looks frightened!
The vault guard resists with some effort.
The troll looks frightened!
The troll is struck by lightning.
The troll begs for mercy.
You hear a shout!
You hear a bellow! x2
You slice the vault guard!!
Your attack snaps the vault guard out of its fear.
Your headbutt misses the vault guard.
The vault guard is heavily wounded.
Your shield and chain mail prevent you from hitting the vault guard.
The vault guard is severely wounded.
The vault guard hits you with a +0 dire flail!
You die...

#...... #.....#
#.....# #.....#
#.....# #
#.....# .##
#....)###○..###
#?.....@p☼∩T...
##...####...###
#<..# p## #...#
# #...# #...#
#...# #...#
###.#


You could see 2 vault guards and a troll (fleeing).

Vanquished Creatures
  2 ice dragons (IceCv)
  6 vault guards (D:13)
  2 two-headed ogres
  A deep elf mage (D:12)
  2 ugly things
  A manticore (D:11)
  An ice statue (IceCv)
  Joseph (D:8)
  A gargoyle (D:9)
  2 rime drakes (IceCv)
  4 trolls
  2 hornets (D:11)
  Grinder (D:5)
  4 slime creatures (D:12)
  4 hippogriffs
  6 yaks (D:11)
  2 wraiths
  2 hungry ghosts
  A human (D:9)
  12 vampire mosquitoes (D:12)
  3 floating eyes (D:9)
  2 black bears
  26 ice beasts
  7 sky beasts
  8 ogres
  4 phantoms
  8 centaurs
  2 necrophages
  5 big kobolds
  14 bullfrogs
  A water moccasin zombie (D:5)
  4 scorpions
  8 wights
  10 killer bees
  2 howler monkeys
  9 crimson imps
  4 bullfrog zombies
  4 centaur skeletons
  Crazy Yiuf (D:3)
  7 hounds
  2 orc priests
  3 jellies
  4 iguanas
  Ijyb (D:3)
  6 orc wizards
  10 worker ants
  A killer bee zombie (D:9)
  2 hound zombies
  A hound skeleton (D:9)
  A worker ant zombie (D:10)
  7 adders
  7 river rats
  3 shadow imps
  2 oozes
  2 adder skeletons
  A dart slug (D:1)
  2 leopard geckos
  31 orcs
  8 ball pythons
  8 bats
  3 giant cockroaches
  13 goblins
  6 hobgoblins
  12 jackals
  33 kobolds
  8 quokkas
  A ball python zombie (D:6)
  7 frilled lizards
  A leopard gecko zombie (D:6)
  A quokka skeleton (D:4)
  32 rats
  2 plants (D:2)
407 creatures vanquished.

Vanquished Creatures (others)
  An orc wizard (D:6)
1 creature vanquished.

Grand Total: 408 creatures vanquished

Notes
Turn   | Place    | Note
-------+----------+-------------------------------------------
     0 | D:1      | euginm the Minotaur Fighter began the quest for the Orb.
     0 | D:1      | Reached XP level 1. HP: 19/19 MP: 0/0
    83 | D:1      | Reached skill level 3 in Axes
    83 | D:1      | Reached XP level 2. HP: 24/27 MP: 1/1
   281 | D:1      | Reached XP level 3. HP: 33/33 MP: 2/2
  1557 | D:3      | Noticed a scorpion
  1565 | D:3      | Killed a scorpion
  1565 | D:3      | Reached skill level 4 in Axes
  1565 | D:3      | Reached XP level 4. HP: 41/41 MP: 3/3
  1683 | D:3      | Noticed Ijyb
  1697 | D:3      | Killed Ijyb
  1697 | D:3      | Reached XP level 5. HP: 28/47 MP: 4/4
  1839 | D:3      | Noticed an ogre
  1848 | D:3      | Killed an ogre
  1848 | D:3      | Reached skill level 5 in Fighting
  1848 | D:3      | Reached skill level 5 in Axes
  1848 | D:3      | Reached skill level 5 in Shields
  2479 | D:3      | Found a runed translucent door.
  2480 | D:3      | Noticed Crazy Yiuf
  2691 | D:3      | Killed Crazy Yiuf
  2691 | D:3      | Reached XP level 6. HP: 40/56 MP: 5/5
  3117 | D:4      | Reached skill level 6 in Axes
  3126 | D:4      | Found a white marble altar of Elyvilon.
  3136 | D:4      | Found a snail-covered altar of Cheibriados.
  3136 | D:4      | Found an ornate altar of the Wu Jian Council.
  3368 | D:4      | Found a glowing drain.
  3375 | Sewer    | Entered a sewer
  3521 | Sewer    | Reached XP level 7. HP: 62/62 MP: 6/6
  3615 | Sewer    | Reached skill level 7 in Axes
  4261 | D:5      | Entered Level 5 of the Dungeon
  4263 | D:5      | Noticed Grinder
  4267 | D:5      | Paralysed by Grinder for 2 turns
  4274 | D:5      | Killed Grinder
  4274 | D:5      | Reached skill level 8 in Axes
  4316 | D:5      | Reached XP level 8. HP: 61/71 MP: 7/7
  4384 | D:5      | Reached skill level 9 in Axes
  4699 | D:5      | Found a staircase to the Ecumenical Temple.
  4721 | Temple   | Entered the Ecumenical Temple
  4890 | Temple   | Became a worshipper of Qazlal Stormbringer
  5686 | D:6      | Reached skill level 10 in Axes
  5754 | D:6      | Reached XP level 9. HP: 81/81 MP: 8/8
  5798 | D:6      | Found an ancient bone altar of Kikubaaqudgha.
  5856 | D:6      | Reached * piety under Qazlal
  5938 | D:6      | Found a shattered altar of Ashenzari.
  6140 | D:6      | Reached skill level 11 in Axes
  6641 | D:7      | Reached ** piety under Qazlal
  6816 | D:7      | Found a runed translucent gate.
  6816 | D:7      | Found a runed translucent gate.
  6816 | D:7      | Noticed Jabberih's ghost (novice VSEn)
  6817 | D:7      | Found a runed translucent gate.
  6817 | D:7      | Noticed Eitelfritz's ghost (novice MiGl)
  6934 | D:7      | Found an iron altar of Okawaru.
  7368 | D:8      | Reached skill level 12 in Axes
  7516 | D:8      | Noticed a cyan ugly thing
  7525 | D:8      | Killed a cyan ugly thing
  7525 | D:8      | Reached XP level 10. HP: 71/91 MP: 9/9
  7682 | D:8      | Noticed a two-headed ogre
  7690 | D:8      | Killed a two-headed ogre
  7788 | D:8      | Found Ratroil's Magic Scroll Shoppe.
  7791 | D:8      | Bought a scroll of brand weapon for 280 gold pieces
  8081 | D:8      | Noticed Joseph
  8095 | D:8      | Killed Joseph
  8095 | D:8      | Reached skill level 10 in Fighting
  8095 | D:8      | Reached skill level 10 in Shields
  8389 | D:9      | Reached skill level 13 in Axes
  8759 | D:9      | You fall through a shaft for 2 floors!
  8835 | D:11     | Reached *** piety under Qazlal
  8986 | D:11     | Reached XP level 11. HP: 66/102 MP: 10/10
  9396 | D:10     | Entered Level 10 of the Dungeon
  9396 | D:10     | Found a staircase to the Orcish Mines.
  9548 | D:10     | Found a staircase to the Lair.
  9668 | D:10     | Reached skill level 14 in Axes
 10336 | D:9      | Reached **** piety under Qazlal
 10607 | D:9      | Noticed a two-headed ogre
 10612 | D:9      | Killed a two-headed ogre
 10641 | D:9      | Found Zoddo's Magic Scroll Shoppe.
 10644 | D:9      | Bought a scroll of identify for 20 gold pieces
 10644 | D:9      | Bought a scroll of blinking for 75 gold pieces
 10644 | D:9      | Bought a scroll of identify for 20 gold pieces
 10644 | D:9      | Bought a scroll of identify for 20 gold pieces
 10689 | D:9      | Found a shimmering altar of Xom.
 10872 | D:9      | Found a bloodstained altar of Trog.
 11371 | D:12     | Found a frozen archway.
 11384 | IceCv    | Entered an ice cave
 11421 | IceCv    | Reached XP level 12. HP: 82/113 MP: 11/11
 11730 | IceCv    | Noticed an ice dragon
 11753 | IceCv    | Noticed an ice dragon
 11767 | IceCv    | Killed an ice dragon
 11767 | IceCv    | Reached skill level 15 in Axes
 11785 | IceCv    | Killed an ice dragon
 13056 | D:13     | Noticed a vault guard
 13056 | D:13     | Noticed a vault guard
 13057 | D:13     | Found a gate to the Vaults.
 13057 | D:13     | Noticed a vault guard
 13057 | D:13     | Noticed a vault guard
 13058 | D:13     | Noticed a vault guard
 13059 | D:13     | Noticed a vault guard
 13059 | D:13     | Noticed a vault guard
 13059 | D:13     | Noticed a vault guard
 13068 | D:13     | Killed a vault guard
 13075 | D:13     | Killed a vault guard
 13086 | D:13     | Killed a vault guard
 13098 | D:13     | Killed a vault guard
 13105 | D:13     | Killed a vault guard
 13113 | D:13     | Killed a vault guard
 13113 | D:13     | Reached skill level 16 in Axes
 13119 | D:13     | Slain by a vault guard

Skill      XL: |  1  2  3  4  5  6  7  8  9 10 11 12 |
---------------+-------------------------------------+-----
Axes           | 3 4 5 6 8 10 12 13 14 16 | 16.0
Fighting       | 4 5 6 7 9 11 12 14 | 14.1
Shields        | 4 5 6 7 9 11 12 14 | 14.1
Armour         | |  3.6

Action                   |  1- 3 |  4- 6 |  7- 9 | 10-12 || total
-------------------------+-------+-------+-------+-------++-------
Melee: War axe           |   125 |   121 |   380 |   676 ||  1302
       Headbutt          |    13 |    12 |    74 |   152 ||   251
Throw: Stone             |       |       |    10 |       ||    10
       Tomahawk          |       |       |       |     4 ||     4
Invok: Upheaval          |       |       |       |     2 ||     2
Evoke: Wand              |       |     3 |       |    17 ||    20
  Use: Scroll            |     3 |     3 |     2 |    11 ||    19
       Potion            |       |       |       |     9 ||     9
 Stab: Confused          |       |       |       |     2 ||     2
  Eat: Chunk             |     2 |     7 |    13 |    17 ||    39
       Ration            |       |       |       |     1 ||     1
Armor: Scale mail        |    49 |    19 |       |       ||    68
       Chain mail        |       |    33 |   173 |   208 ||   414
Dodge: Dodged            |    34 |    29 |    63 |   103 ||   229
       Deflected         |       |       |       |     3 ||     3
Block: Shield            |    57 |    63 |   187 |   484 ||   791
